 Dungeon Crawl Stone Soup version 0.29.1-1-gd02db6906a (webtiles) character file.

Game seed: 7067565959296164235

12345 unlimited1921 the Thaumaturge (level 12, -16/65 HPs)
             Began as a Djinni Fire Elementalist on Sept 27, 2022.
             Was an Initiate of Ashenzari.
             Demolished by a centaur warrior simulacrum (40 damage)
             ... on level 10 of the Dungeon.
             The game lasted 01:12:32 (16448 turns).

unlimited1921 the Thaumaturge (DjFE)               Turns: 16448, Time: 01:12:35

Health: -16/65     AC:  6    Str: 13      XL:     12   Next: 19%
Gold:   826        EV: 12    Int: 28      God:    Ashenzari [......] SH: 11 Dex: 12 (14)

rFire   + + .      SeeInvis +   A - +5 spear "Giantslayer" {vorpal, rC- Str+6 SInv}
rCold   x . .      Faith    .   R - +3 warlock's mirror {reflect}
rNeg    . . .      Spirit   .   I - +0 troll leather armour
rPois   ∞          Reflect  +   d - +0 helmet
rElec   .          Harm     .   U - +0 cloak
rCorr   .          Rampage  .   (no gloves)
Will    +....                   (boots unavailable)
Stlth   +++.......              z - amulet of the acrobat
HPRegen 1.00/turn               s - +6 ring of intelligence
MPRegen 0.00/turn               N - ring of protection from cold

@: flying
A: sickness immunity, fire resistance 2, cold vulnerability 1, float, innate
caster, HP casting, extra vitality 1, large bone plates 1, camouflage 1, frail 1
a: Renounce Religion, Curse Item


You were on level 10 of the Dungeon.
You worshipped Ashenzari.
Ashenzari was noncommittal.
You visited 1 branch of the dungeon, and saw 10 of its levels.

You collected 882 gold pieces.
You spent 56 gold pieces at shops.

Inventory:

Hand Weapons
 a - a +3 dire flail of protection
 h - a +0 vampiric whip
 l - a +2 short sword of holy wrath
 A - the +5 spear "Giantslayer" (weapon) {vorpal, rC- Str+6 SInv}
   (You took it off an orc on level 5 of the Dungeon)

   It inflicts extra damage upon your enemies.
   Str:       It affects your strength (+6).
   rC:        It makes you vulnerable to cold.
   SInv:      It lets you see invisible.
 E - a +0 whip of freezing
 L - a +1 short sword of venom
Missiles
 i - 159 stones
 k - 49 poisoned darts
 r - 3 javelins
 t - 2 throwing nets
Armour
 d - a +0 helmet (worn)
 F - a +2 robe of positive energy
 I - a +0 troll leather armour (worn)
 R - the +3 warlock's mirror (worn) {reflect}
   (You found it on level 10 of the Dungeon)

   It can block and reflect piercing ranged attacks and magical attacks against
   the wielder's willpower.
 U - a +0 cloak (worn)
Jewellery
 s - a +6 ring of intelligence (left hand)
 z - an amulet of the acrobat (around neck)
 H - a +6 ring of strength
 N - a ring of protection from cold (right hand)
 Q - the ring of the Manifold Coins {Fly Dex+6}
   (You found it on level 10 of the Dungeon)

   [ring of dexterity]

   Dex:       It affects your dexterity (+6).
   Fly:       It grants you flight.
Wands
 w - a wand of charming (15)
 P - a wand of light (2) (quivered)
 S - a wand of flame (7)
 V - a wand of roots (7)
Scrolls
 b - 4 scrolls of teleportation {unknown}
 e - 12 scrolls of identify {unknown}
 g - 3 scrolls of enchant weapon {unknown}
 j - 4 scrolls of noise {unknown}
 m - 5 scrolls of fog {unknown}
 y - 2 scrolls of vulnerability {unknown}
 C - a scroll of enchant armour {unknown}
 D - a scroll of immolation {unknown}
 G - 3 scrolls of blinking {unknown}
 J - a scroll of poison
 K - a scroll of fear {unknown}
 M - a scroll of torment {unknown}
Potions
 c - 3 potions of berserk rage {unknown}
 f - 2 potions of degeneration {unknown}
 n - a potion of cancellation {unknown}
 o - a potion of invisibility {unknown}
 p - a potion of lignification {unknown}
 q - a potion of flight {unknown}
 u - 10 potions of curing {unknown}
 v - a potion of resistance {unknown}
 x - 3 potions of attraction {unknown}
 B - 2 potions of brilliance {unknown}
 O - a potion of heal wounds
 T - a potion of mutation


   Skills:
 + Level 1.5 Fighting
 + Level 2.8 Armour
 + Level 4.2 Dodging
 + Level 4.3 Stealth
 * Level 2.7 Shields
 + Level 0.2 Unarmed Combat
 + Level 13.4 Spellcasting
 + Level 0.3 Evocations


You had 10 spell levels left.
You knew the following spells:

 Your Spells              Type           Power      Damage    Failure   Level
a - Foxfire               Conj/Fire      100%       2x1d9     1%          1
b - Scorch                Fire           100%       2d10      1%          2
c - Conjure Flame         Conj/Fire      76%        6-21      1%          3
d - Inner Flame           Hex/Fire       76%        N/A       1%          3
e - Flame Wave            Conj/Fire      76%        2d17      1%          4
f - Shock                 Conj/Air       100%       1d9       1%          1
g - Searing Ray           Conj           100%       2d8       1%          2
h - Tukima's Dance        Hex            76%        N/A       1%          3
i - Frozen Ramparts       Ice            100%       1d16      1%          3
j - Iskenderun's Battles  Conj           76%        2d12      1%          5
Your spell library was empty.

Dungeon Overview and Level Annotations

Branches:
Dungeon (10/15)            Temple (0/1) D:4            Lair (0/5) D:9
    Orc (0/2) D:10

Altars:
Ashenzari
Fedhas
Gozag
Okawaru
Trog
Uskayaw
Yredelemnul
Zin

Shops:
D:3 =   D:7 =*   D:10 =

Annotations:
D:4 2 transporters, CougarLife's ghost, amateur GrEE
D:6 1 runed translucent door, Crazy Yiuf
D:10 TheUltimateLifeform's ghost, novice HOFi


Innate Abilities, Weirdness & Mutations

You are immune to sickness and miasma.
You are immune to poison.
Your flesh is very heat resistant. (rF++)
You are vulnerable to cold. (rC-)
You float through the air rather than walking.
You learn spells naturally, not from books.
Your magical power is your life essence.
You have superior vitality. (+4 MHP)
You are partially covered in large bone plates. (SH +4)
Your skin changes colour to match your surroundings (Stealth+).
You are frail. (-10% HP)


Message History

Flame seeps out of TheUltimateLifeform's ghost.
TheUltimateLifeform's ghost is lightly damaged.
TheUltimateLifeform's ghost is no longer more vulnerable to fire.
The spectral centaur warrior is engulfed in blazing flames.
You block TheUltimateLifeform's ghost's attack.
You block the centaur warrior simulacrum's attack.
The centaur warrior simulacrum kicks you but does no damage.
Press: ? - help, v - describe, . - travel
Here: TheUltimateLifeform's ghost (lightly damaged, inner flame)
The floor.
Press: ? - help, v - describe, . - travel
Here: TheUltimateLifeform's ghost (lightly damaged, inner flame)
The floor.
Unknown command.
Casting: Scorch (safe; 1% risk of failure)
Confirm with . or Enter, or press ? or * to list all spells.
You conjure a globe of magical energy.
The centaur warrior simulacrum hits you!
The centaur warrior simulacrum freezes you!!
You feel a terrible chill!
You block the centaur warrior simulacrum's attack.
TheUltimateLifeform's ghost hits you!
* * * LOW HITPOINT WARNING * * *
The spectral centaur warrior hits you.
* * * LOW HITPOINT WARNING * * *
You block the spectral centaur warrior's attack.
The centaur warrior simulacrum barely misses you. x2
You feel much better. TheUltimateLifeform's ghost hits you!!
* * * LOW HITPOINT WARNING * * *
You block the spectral centaur warrior's attack. x2
The centaur warrior simulacrum barely misses you.
The centaur warrior simulacrum kicks you but does no damage.
You feel much better.
You block the spectral centaur warrior's attack. x2
TheUltimateLifeform's ghost hits you.
The centaur warrior simulacrum hits you.
The centaur warrior simulacrum freezes you!!!
You feel a terrible chill!
Ouch! That really hurt!
You die...

#...#########.# #...#
#######'## #...#
#........# #...#
#........# #...#
#........# ###...#
#........# ..#...#
#....##.○### ..#...#
#.§☼.##Z*###
..#...###☼○○§.ZW@####
.........○..☼.°Z∩°..#
..#######○☼☼☼.##....#
..#.#.#.#...☼.##..###
..#.....#.........###
..##$...'.☼####+#####
..#.)...'○..###.#
≈.##?...'[......#
≈.#.....#..#..#.#


You could see 2 spectral centaur warriors, TheUltimateLifeform's ghost (inner
flame), a centaur warrior simulacrum and a friendly battlesphere.

Vanquished Creatures
  A two-headed ogre (D:10)
  8 wizards (D:10)
  Pikel (D:6)
  2 smoke demons (D:10)
  A komodo dragon (D:10)
  A hornet (D:5)
  A troll (D:6)
  Sigmund (D:2)
  A centaur simulacrum (D:10)
  A yak (D:5)
  A neqoxec (D:10)
  A steam dragon (D:8)
  Edmund (D:6)
  An acid dragon (D:8)
  A water moccasin (D:7)
  6 orc warriors (D:9)
  2 ice beasts
  2 black bears
  2 sky beasts
  An ogre (D:7)
  2 lemures
  7 centaurs
  4 kobold brigands
  5 bullfrogs
  2 necrophages
  5 scorpions
  5 wights (D:9)
  14 killer bees
  4 electric eels
  5 howler monkeys
  4 hounds (D:5)
  2 jellies
  2 quasits (D:10)
  2 gnoll boudas
  6 orc priests
  A spectral boggart (D:10)
  4 iguanas
  8 orc wizards
  8 adders
  19 gnolls
  2 shadow imps
  A white imp (D:5)
  An ufetubus (D:5)
  2 worms (D:2)
  A dart slug (D:4)
  48 orcs
  4 endoplasms
  5 giant cockroaches
  6 hobgoblins
  33 kobolds
  5 quokkas
  5 ball pythons
  4 bats
  5 frilled lizards
  10 goblins
  5 rats
282 creatures vanquished.

Vanquished Creatures (collateral kills)
  7 foxfires (D:9)
7 creatures vanquished.

Vanquished Creatures (others)
  8 demonic plants (D:10)
  643 foxfires
  25 fungi
  16 plants
  4 toadstools (D:9)
696 creatures vanquished.

Grand Total: 985 creatures vanquished

Notes
Turn   | Place    | Note
-------+----------+-------------------------------------------
     0 | D:1      | unlimited1921 the Djinni Fire Elementalist began the quest
                  | for the Orb.
     0 | D:1      | unlimited1921 set off with the following spells memorised:
                  | Foxfire, Scorch, Conjure Flame, Inner Flame, Flame Wave.
     0 | D:1      | Reached XP level 1. HP: 15/15 MP: 0/0
   596 | D:1      | Reached XP level 2. HP: 3/21 MP: 0/0
  2012 | D:1      | Reached skill level 3 in Spellcasting
  2243 | D:1      | Reached XP level 3. HP: 22/25 MP: 0/0
  2243 | D:1      | Learned a level 1 spell: Shock
  3409 | D:2      | Noticed Sigmund
  4250 | D:2      | Reached XP level 4. HP: 27/31 MP: 0/0
  4453 | D:2      | Gained mutation: Your skin changes colour to match your
                  | surroundings (Stealth+). [potion of mutation]
  4453 | D:2      | Gained mutation: You are frail. (-10% HP) [potion of
                  | mutation]
  4453 | D:2      | Gained mutation: You are partially covered in large bone
                  | plates. (SH +4) [potion of mutation]
  4470 | D:2      | Killed Sigmund
  4471 | D:2      | Reached skill level 4 in Spellcasting
  4471 | D:2      | Reached XP level 5. HP: 2/32 MP: 0/0
  4471 | D:2      | Learned a level 2 spell: Searing Ray
  4471 | D:2      | Reached XP level 6. HP: 2/36 MP: 0/0
  5871 | D:3      | Found a glowing silver altar of Zin.
  6244 | D:3      | Found a bloodstained altar of Trog.
  6477 | D:3      | Found Maseusi's One-of-a-Kind Rings.
  7450 | D:4      | Found a staircase to the Ecumenical Temple.
  7458 | D:4      | Found a transporter.
  7467 | D:4      | Found a transporter.
  7467 | D:4      | Noticed CougarLife's ghost (amateur GrEE)
  7928 | D:5      | Entered Level 5 of the Dungeon
  7933 | D:5      | Reached XP level 7. HP: 37/41 MP: 0/0
  7933 | D:5      | Learned a level 3 spell: Tukima's Dance
  7971 | D:5      | Reached skill level 5 in Spellcasting
  8792 | D:5      | Noticed a hornet
  8797 | D:5      | Killed a hornet
  8798 | D:5      | Reached skill level 6 in Spellcasting
  8798 | D:5      | Reached XP level 8. HP: 6/45 MP: 0/0
  9444 | D:5      | Noticed a yak
  9450 | D:5      | Killed a yak
  9451 | D:5      | Reached skill level 7 in Spellcasting
  9868 | D:5      | Identified the +5 spear "Giantslayer" {vorpal, rC- Str+6
                  | SInv}
  9879 | D:5      | Reached XP level 9. HP: 26/50 MP: 0/0
  9879 | D:5      | Learned a level 3 spell: Frozen Ramparts
 10064 | D:5      | Reached skill level 1 in Fighting
 10556 | D:6      | Noticed Pikel
 10696 | D:6      | Noticed Edmund
 10701 | D:6      | Killed Edmund
 10709 | D:6      | Reached skill level 8 in Spellcasting
 11265 | D:6      | Killed Pikel
 11266 | D:6      | Reached skill level 1 in Armour
 11659 | D:6      | Found a runed translucent door.
 11660 | D:6      | Noticed Crazy Yiuf
 11951 | D:6      | Reached skill level 9 in Spellcasting
 12033 | D:6      | Noticed a troll
 12046 | D:6      | Killed a troll
 12147 | D:6      | Reached XP level 10. HP: 45/55 MP: 0/0
 12177 | D:6      | Found a basalt altar of Yredelemnul.
 12352 | D:7      | Found Coule's Jewellery Emporium.
 12404 | D:7      | Found Nuagh's Serpentskin Sales.
 12514 | D:7      | Bought a scroll of poison for 56 gold pieces
 12546 | D:7      | Found an opulent altar of Gozag.
 12646 | D:7      | Reached skill level 10 in Spellcasting
 12849 | D:7      | Identified the +1 rapier of Linearity {vorpal, Str-5 Dex+4}
 13481 | D:8      | Reached skill level 11 in Spellcasting
 14234 | D:9      | Reached XP level 11. HP: 31/60 MP: 0/0
 14234 | D:9      | Learned a level 5 spell: Iskenderun's Battlesphere
 14671 | D:9      | Found a staircase to the Lair.
 14800 | D:9      | Reached skill level 12 in Spellcasting
 15091 | D:9      | Found a broken altar of Ashenzari.
 15094 | D:9      | Became a worshipper of Ashenzari the Shackled
 15175 | D:9      | Found an iron altar of Okawaru.
 15190 | D:10     | Entered Level 10 of the Dungeon
 15238 | D:10     | Found a staircase to the Orcish Mines.
 15268 | D:10     | Found a runed translucent gate.
 15268 | D:10     | Found a runed translucent gate.
 15268 | D:10     | Found a runed translucent gate.
 15274 | D:10     | Noticed TheUltimateLifeform's ghost (novice HOFi)
 15276 | D:10     | Found Gaygoiz's Jewellery Emporium.
 15348 | D:10     | Noticed a wizard
 15354 | D:10     | Killed a wizard
 15360 | D:10     | Noticed a wizard
 15363 | D:10     | Killed a wizard
 15376 | D:10     | Identified the ring of the Manifold Coins {Fly Dex+6}
 15435 | D:10     | Noticed a wizard
 15441 | D:10     | Killed a wizard
 15447 | D:10     | Noticed a wizard
 15450 | D:10     | Killed a wizard
 15464 | D:10     | Noticed a wizard
 15479 | D:10     | Killed a wizard
 15517 | D:10     | Found the +3 warlock's mirror {reflect}
 15543 | D:10     | Noticed a wizard
 15545 | D:10     | Noticed a wizard
 15550 | D:10     | Killed a wizard
 15554 | D:10     | Killed a wizard
 15555 | D:10     | Reached skill level 1 in Shields
 15555 | D:10     | Reached skill level 13 in Spellcasting
 15742 | D:10     | Noticed a wizard
 15750 | D:10     | Killed a wizard
 15862 | D:10     | Reached XP level 12. HP: 19/65 MP: 0/0
 15989 | D:10     | Noticed a two-headed ogre
 15994 | D:10     | Killed a two-headed ogre
 16143 | D:10     | Found a hide-covered altar of Uskayaw.
 16152 | D:10     | Found a blossoming altar of Fedhas.
 16448 | D:10     | Demolished by a centaur warrior simulacrum

Illustrated notes

Levels and vault maps discovered:
D:1:      saegor_arrival_simple_c, layout_basic, grunt_decor_mini_mirrors
D:2:      layout_loops_ring, uniq_sigmund
D:3:      layout_loops_ring, trog_hazing_becter, mainiacjoe_overflow_boulevard,
          nicolae_shop_unique_rings
D:4:      layout_gridville, temple_statues, gammafunk_ghost_gnarly_gnolls
D:5:      layout_basic, minmay_diced_spiral
D:6:      layout_loops_ring, amethyst_overflow_temple_binary,
          nrook_loot_triangle, uniq_crazy_yiuf_cottage, uniq_edmund, uniq_pikel
D:7:      layout_gridville, mainiacjoe_overflow_alcove_4,
          chequers_serial_rivers_small_3, minmay_shop_enchanted_jewellery,
          guppyfry_shop_venom
D:8:      layout_cave_pools, enter_bailey_2, minmay_misc_feat_hallway
D:9:      layout_rooms, mainiacjoe_overflow_swirl,
          grunt_lair_entry_orc_guard_hut, special_room [special_room_orc],
          minmay_misc_feat_ornament, minmay_gold_behind_fungi,
          minmay_misc_feat_more_columns, hive_lemuel
D:10:     minmay_smoke_and_mirrors, layout_basic, nicolae_overflow_squiral,
          orc_0_dummy, serial_shops, nicolae_square_shop,
          gammafunk_ghost_necromancy, serial_demonic, serial_demonic_b,
          serial_demonic_c, serial_demonic_e, serial_demonic_d

Skill      XL: |  1  2  3  4  5  6  7  8  9 10 11 |
---------------+----------------------------------+-----
Spellcasting   | 3 4 6 7 9 11 13 | 13.4
Stealth        | 2 3 4 |  4.3
Dodging        | 3 4 |  4.2
Fighting       | 1 |  1.5
Armour         | 1 2 |  2.8
Shields        | 2 |  2.7
Unarmed Combat | |  0.2
Evocations     | |  0.3

Action                   |  1- 3 |  4- 6 |  7- 9 | 10-12 || total
-------------------------+-------+-------+-------+-------++-------
Melee: Unarmed           |       |     1 |       |       ||     1
       Spear             |       |       |       |    21 ||    21
 Cast: Foxfire           |    82 |    71 |   114 |   151 ||   418
       Scorch            |     1 |    18 |    50 |    69 ||   138
       Inner Flame       |       |     6 |    29 |    92 ||   127
       Shock             |       |     5 |       |       ||     5
       Frozen Ramparts   |       |       |     1 |     1 ||     2
       Flame Wave        |       |       |       |     1 ||     1
       Iskenderun's Batt |       |       |       |    19 ||    19
       Tukima's Dance    |       |       |       |     2 ||     2
       Conjure Flame     |       |       |       |     2 ||     2
Evoke: Wand              |       |       |       |     4 ||     4
  Use: Potion            |       |     2 |       |     3 ||     5
       Scroll            |       |       |       |     1 ||     1
Armor: Robe              |     1 |     3 |     1 |       ||     5
       Troll leather arm |       |       |       |    31 ||    31
Dodge: Dodged            |    10 |     7 |     8 |    89 ||   114
Block: Other             |       |     1 |     1 |    11 ||    13
       Buckler           |       |       |       |    40 ||    40
       Reflection        |       |       |       |     1 ||     1
